Map: 2000 Atmospheres LE

Players

JustJumy

  • Race: Protoss Protoss
  • League: Grandmaster

XDthermyDX (uThermal) - Winner!

  • Race: Terran Terran
  • League: Grandmaster

VOD

https://youtu.be/OH2Rj6dJIEs

Description

uThermal vs ForJummy tvp 3rax

Time

  • Played on: July 9, 2021, 9:11 a.m.
  • Length: 5:50
Show
View Real Time Build Order
Export as new Build Order

JustJumy Protoss 

Build Orders: 1 Gate Expand, Oracle Opening 

Get SALT Encoding   

  12  0:00  Probe  
  13  0:12  Probe  
  14  0:18  Pylon  
  14  0:24  Probe (Chrono Boost)  
  15  0:38  Probe (Chrono Boost)  
  15  0:39  Gateway  
  16  0:43  Probe (Chrono Boost)  
  17  0:50  Assimilator  
  17  0:54  Probe  
  18  1:06  Probe  
  19  1:18  Probe  
  20  1:26  Nexus  
  20  1:35  Cybernetics Core  
  20  1:40  Assimilator  
  20  1:43  Probe  
  21  1:51  Pylon  
  21  1:55  Probe  
  22  2:07  Probe  
  22  2:08  Adept (Chrono Boost)  
  25  2:20  Probe  
  26  2:24  Stargate  
  26  2:31  Adept  
  26  2:32  Probe (Chrono Boost)  
  29  2:37  Probe (Chrono Boost)  
  29  2:41  Warp Gate  
  31  2:44  Probe (Chrono Boost)  
  31  2:47  Probe (Chrono Boost)  
  31  2:49  Probe (Chrono Boost)  
  33  2:52  Probe (Chrono Boost)  
  35  2:58  Probe  
  35  3:04  Probe  
  36  3:07  Oracle  
  36  3:10  Probe, Adept  
  42  3:16  Gateway  
  42  3:18  Probe  
  43  3:22  Probe  
  44  3:27  Pylon  
  44  3:30  Probe  
  45  3:42  Nexus  
  45  3:47  Pylon  
  45  3:49  Probe  
  45  3:55  Probe, Pylon  
  47  4:01  Probe  
  50  4:05  Robotics Facility  
  50  4:14  Probe  
  50  4:16  Assimilator x2  
  51  4:19  Oracle (Chrono Boost)  
  52  4:24  Probe  
  52  4:27  Probe  
  52  4:28  Shield Battery  
  52  4:29  Adept  
  52  4:30  Stalker  
  58  4:37  Probe  
  59  4:40  Gateway  
  59  4:42  Gateway  
  59  4:49  Oracle  
  62  4:52  Adept  
  62  4:56  Immortal (Chrono Boost)  
  62  4:58  Probe  
  69  5:04  Shield Battery  
  69  5:06  Sentry  
  71  5:10  Probe  
  71  5:12  Pylon  
  71  5:13  Probe  
  73  5:16  Probe  
  74  5:22  Probe  
  74  5:26  Robotics Bay  
  74  5:28  Stalker  
  75  5:32  Probe  
  75  5:33  Stalker  
  77  5:38  Zealot x2  
Show
View Real Time Build Order
Export as new Build Order

XDthermyDX Terran - Winner!

Build Orders:  

Get SALT Encoding   

  12  0:00  SCV  
  13  0:12  SCV  
  14  0:17  Supply Depot  
  14  0:24  SCV  
  15  0:38  SCV  
  15  0:39  Barracks  
  15  0:42  Refinery  
  16  0:50  SCV  
  17  1:02  SCV  
  18  1:15  SCV  
  19  1:27  Barracks Reactor, Orbital Command  
  19  1:41  Command Center  
  19  1:50  Supply Depot  
  19  1:53  SCV  
  20  2:03  Marine x2  
  20  2:05  SCV  
  23  2:14  Barracks  
  23  2:17  SCV  
  23  2:21  Marine x2  
  26  2:27  Barracks  
  27  2:30  SCV  
  27  2:39  Marine x2  
  27  2:42  SCV  
  30  2:54  Orbital Command, SCV  
  30  2:57  Marine x2  
  33  3:03  Barracks Tech Lab  
  33  3:06  SCV  
  34  3:14  Marine  
  34  3:15  Marine, Barracks Tech Lab  
  34  3:18  SCV  
  37  3:20  SCV  
  37  3:22  Marine, Stimpack  
  39  3:27  Supply Depot  
  39  3:30  SCV  
  39  3:32  Marine x2, SCV  
  43  3:35  Marine, Combat Shield  
  43  3:41  Marauder  
  46  3:44  Supply Depot  
  46  3:49  SCV x2  
  46  3:50  Marine x2  
  46  3:54  Marauder  
  52  3:56  Supply Depot  
  52  4:01  SCV x2  
  54  4:06  Marauder  
  54  4:07  Engineering Bay  
  54  4:08  Marine x2  
  58  4:14  SCV x2  
  61  4:17  Marauder  
  61  4:22  Supply Depot  
  61  4:26  Marine x2, SCV  
  61  4:27  Marine  
  65  4:32  Missile Turret  
  65  4:33  SCV  
  65  4:36  Missile Turret  
  66  4:39  Marine, Factory  
  66  4:43  Marine, SCV  
  66  4:44  Marine x2  
  72  4:45  SCV  
  72  4:49  Refinery  
  72  4:51  Refinery  
  72  4:52  Supply Depot  
  72  4:55  SCV  
  72  4:59  Supply Depot, SCV  
  74  5:05  Marauder, Marine  
  77  5:08  SCV  
  77  5:13  Marine x2  
  77  5:14  SCV  
  81  5:21  SCV  
  81  5:23  Marine  
  81  5:27  Marauder  
  83  5:28  Starport, Factory Reactor  
  83  5:33  SCV  
  85  5:36  Supply Depot, Refinery  
Tags
 
Add a new tag
Caveats
  • Supply blocks, unpowered buildings, or Contaminate may cause inaccurate times.
  • Supply counts are checked every 10 seconds.